 Dungeon Crawl Stone Soup version 0.30.0-29-ga12c61a403 (webtiles) character file.

Game seed: 3971849142128988390

4844 hawla the Thaumaturge (level 10, -9/52 HPs)
             Began as a Deep Elf Fire Elementalist on June 7, 2023.
             Was a Priest of Vehumet.
             Mangled by a yak (10 damage)
             ... on level 2 of the Lair of Beasts.
             The game lasted 00:20:10 (4226 turns).

hawla the Thaumaturge (Deep Elf Fire Elementalist)  Turns: 4226, Time: 00:20:11

Health: -9/52      AC:  4    Str:  9    XL:     10   Next: 25%
Magic:  3/27       EV: 13    Int: 24    God:    Vehumet [***...]
Gold:   282        SH:  0    Dex: 14    Spells: 21/32 levels left

rFire   + . .        d - +0 short sword
rCold   x . .        (no shield)
rNeg    . . .        a - +0 robe
rPois   .            l - +2 hat
rElec   .            (no cloak)
rCorr   .            (no gloves)
SInv    .            (no boots)
Will    +....        (no amulet)
Stlth   ++           h - ring of fire
HPRegen 0.28/turn    (no ring)
MPRegen 0.20/turn

%: clarity
@: no status effects
A: clarity, strong 1, wild magic 1
a: Renounce Religion


You were on level 2 of the Lair of Beasts.
You worshipped Vehumet.
Vehumet was most pleased with you.
You visited 3 branches of the dungeon, and saw 11 of its levels.
You also visited: Ossuary.

You collected 282 gold pieces.

Inventory:

Hand Weapons
 d - a +0 short sword (weapon)
 i - a +0 long sword
Armour
 a - a +0 robe (worn)
 l - a +2 hat (worn)
Jewellery
 h - a ring of fire (left hand)
Wands
 o - a wand of flame (41) (quivered)
Scrolls
 b - a scroll of fog
 p - 2 scrolls of amnesia
Potions
 c - a potion of heal wounds
 e - 3 potions of attraction
 f - a potion of brilliance
 g - 2 potions of curing
 j - a potion of cancellation


   Skills:
 + Level 1.1 Fighting
 + Level 0.1 Short Blades
 + Level 3.2 Dodging
 + Level 3.7 Stealth
 + Level 11.5 Spellcasting
 + Level 7.0 Conjurations
 + Level 6.4 Necromancy
 + Level 9.3 Fire Magic
 + Level 3.0 Evocations


You had 21 spell levels left.
You knew the following spells:

 Your Spells              Type           Power      Damage    Failure   Level
a - Foxfire               Conj/Fire      100%       2x1d9     1%          1
b - Scorch                Fire           100%       2d9       1%          2
c - Flame Wave            Conj/Fire      81%        2d18      1%          4
d - Dispel Undead         Necr           55%        3d20      5%          4

Your spell library contained the following spells:

 Spells                   Type           Power      Damage    Failure   Level
 Searing Ray              Conj           100%       2d8       1%          2
 Dazzling Flash           Conj/Hex       78%        N/A       1%          3
 Inner Flame              Hex/Fire       63%        N/A       1%          3
 Volatile Blastmotes      Fire/Tloc      100%       2d18      1%          3
 Sticky Flame             Conj/Fire      81%        2d9       1%          4
 Cigotuvi's Dreadful Rot  Necr/Pois/Air  62%        N/A       4%          2
 Agony                    Necr           55%        N/A       13%         5
 Call Canine Familiar     Summ           18%        N/A       21%         3
 Portal Projectile        Hex/Tloc       36%        N/A       21%         3
 Leda's Liquefaction      Hex/Erth       9%         N/A       50%         4
 Death Channel            Necr           27%        N/A       52%         6
 Silence                  Hex/Air        9%         N/A       83%         5


Dungeon Overview and Level Annotations

Branches:
Dungeon (8/15)             Temple (1/1) D:5            Lair (2/5) D:8
  Snake (0/4) Lair:2      Ossuary (visited)
  Swamp: Lair:2-3    Shoals: Lair:2-3

Altars:
Ashenzari
Cheibriados
Dithmenos
Gozag
Hepliaklqana
Kikubaaqudgha
Nemelex Xobeh
Okawaru
Ru
Sif Muna
Trog
Uskayaw
Vehumet
Yredelemnul
The Shining One


Innate Abilities, Weirdness & Mutations

You possess an exceptional clarity of mind.
Your muscles are strong. (Str +4, Int/Dex -1)
Your spells are a little harder to cast, but a little more powerful.


Message History

You feel a surge of power!
Flames lash the yak.
The yak is almost dead.
The yak's fire resistance burns away.
Casting: Scorch (safe; 1% risk of failure)
Confirm with . or Enter, or press ? or * to list all spells.
Casting: Flame Wave (dangerous; 1% risk of failure)
Press: ? - help, Dir - look around, f - activate You feel a surge of power!
A wave of flame ripples out!
The flame wave engulfs the yak!!
The yak is burned terribly!
You kill the yak!
Vehumet accepts your kill.
You feel your power returning. (Press . to intensify the flame waves.)
Casting: Flame Wave (dangerous; 1% risk of failure)
Confirm with . or Enter, or press ? or * to list all spells.
You feel a surge of power!
You conjure some foxfire!
Casting: Foxfire (safe; 1% risk of failure)
Confirm with . or Enter, or press ? or * to list all spells.
You feel a surge of power!
You conjure some foxfire!
The foxfire hits the yak.
The yak is heavily wounded.
Casting: Foxfire (safe; 1% risk of failure)
Confirm with . or Enter, or press ? or * to list all spells.
You feel a surge of power!
Flames lash the yak.
The yak is severely wounded.
The yak's fire resistance burns away.
The foxfire hits the yak.
The yak is severely wounded.
The foxfire hits the yak.
The yak is burned terribly!
The yak is severely wounded.
The foxfire hits the yak but does no damage.
The yak is severely wounded.
Casting: Scorch (safe; 1% risk of failure)
Confirm with . or Enter, or press ? or * to list all spells.
You feel a surge of power!
Flames lash the yak.
The yak is burned terribly!
The yak is almost dead.
Casting: Scorch (safe; 1% risk of failure)
Confirm with . or Enter, or press ? or * to list all spells.
You feel a surge of power!
You conjure some foxfire!
The yak gores you!
* * * LOW HITPOINT WARNING * * *
The yak attacks as you move away! The yak gores you!
You die...

..~ .P# ### ..# ..## #
..# #######+..# ##.#.#
##........# #.#..###.♣♣
##........####..........
#.<.......#.##†Y@v......
..........+.#†...v......
#...........>+..........
##.........###..........
##........## #.........!
#..(......# #..........
#.#.P##.+## ######+..P#
########.# #### .#


You could see a yak (combustible, ally target).

Vanquished Creatures
  A black mamba (Lair:2)
  A troll (D:7)
  9 yaks
  3 wyverns (D:8)
  2 nagas (Lair:2)
  6 water moccasins
  An ice beast (D:7)
  A sky beast (D:7)
  9 wolves (Lair:1)
  An elf zombie (Ossuary)
  3 scorpions
  2 bullfrogs
  2 hounds
  3 human zombies (Ossuary)
  A gnoll bouda (D:7)
  An iguana (D:5)
  2 orc wizards
  2 mummies (Ossuary)
  10 gnolls
  3 adders
  An ufetubus (D:5)
  4 adder zombies (Ossuary)
  A worm (D:4)
  A dart slug (D:1)
  8 orcs
  5 endoplasms
  A giant cockroach (D:4)
  3 goblins
  5 hobgoblins
  10 jackals
  2 quokkas
  2 ball pythons
  2 bats
  3 frilled lizards (D:1)
  2 goblin zombies (Ossuary)
  8 hobgoblin zombies (Ossuary)
  A jackal zombie (Ossuary)
  4 kobolds
  10 kobold zombies (Ossuary)
  7 orc zombies (Ossuary)
  2 rats
  A rat zombie (Ossuary)
  A butterfly (D:5)
147 creatures vanquished.

Vanquished Creatures (collateral kills)
  2 foxfires
2 creatures vanquished.

Vanquished Creatures (others)
  280 foxfires
280 creatures vanquished.

Grand Total: 429 creatures vanquished

Notes
Turn   | Place    | Note
-------+----------+-------------------------------------------
     0 | D:1      | hawla the Deep Elf Fire Elementalist began the quest for
                  | the Orb.
     0 | D:1      | Reached XP level 1. HP: 10/10 MP: 6/6
   236 | D:1      | Reached XP level 2. HP: 9/15 MP: 4/8
   239 | D:1      | Learned a level 2 spell: Scorch
   785 | D:3      | Reached XP level 3. HP: 13/19 MP: 7/10
   887 | D:3      | Reached skill level 4 in Spellcasting
  1358 | D:4      | Reached XP level 4. HP: 24/24 MP: 6/12
  1371 | D:3      | Learned a level 4 spell: Flame Wave
  1922 | D:5      | Entered Level 5 of the Dungeon
  1922 | D:5      | Noticed a scorpion
  1926 | D:5      | Killed a scorpion
  1927 | D:5      | Reached XP level 5. HP: 28/28 MP: 7/13
  2297 | D:5      | Found a staircase to the Ecumenical Temple.
  2323 | D:5      | Reached skill level 1 in Evocations
  2346 | Temple   | Entered the Ecumenical Temple
  2640 | Temple   | Became a worshipper of Vehumet
  2705 | D:6      | Reached XP level 6. HP: 32/32 MP: 9/14
  2787 | D:6      | Noticed a water moccasin
  2793 | D:6      | Killed a water moccasin
  2797 | D:6      | Gained mutation: You are partially covered in large bone
                  | plates. (SH +4) [potion of mutation]
  2797 | D:6      | Gained mutation: You expend magic power (3 MP) to
                  | strengthen your wands. [potion of mutation]
  2797 | D:6      | Gained mutation: You are frail. (-10% HP) [potion of
                  | mutation]
  2875 | D:6      | Reached skill level 5 in Spellcasting
  3023 | D:7      | Found a snail-covered altar of Cheibriados.
  3028 | D:7      | Noticed an ice beast
  3033 | D:7      | Killed an ice beast
  3034 | D:7      | Reached skill level 6 in Spellcasting
  3034 | D:7      | Reached skill level 5 in Fire Magic
  3034 | D:7      | Reached XP level 7. HP: 32/32 MP: 11/18
  3251 | D:7      | Reached * piety under Vehumet
  3251 | D:7      | Offered knowledge of Freeze by Vehumet.
  3349 | D:7      | Found a sand-covered staircase.
  3353 | Ossuary  | Entered an ossuary
  3368 | Ossuary  | Learned a level 4 spell: Dispel Undead
  3489 | Ossuary  | Reached skill level 1 in Necromancy
  3492 | Ossuary  | Reached ** piety under Vehumet
  3493 | Ossuary  | Offered knowledge of Kiss of Death by Vehumet.
  3694 | D:7      | Noticed a troll
  3696 | D:7      | Reached skill level 5 in Necromancy
  3696 | D:7      | Reached XP level 8. HP: 37/37 MP: 14/19
  3701 | D:7      | Killed a troll
  3739 | D:8      | Reached skill level 7 in Spellcasting
  3739 | D:8      | Reached skill level 5 in Conjurations
  3746 | D:8      | Offered knowledge of Searing Ray by Vehumet.
  3757 | D:8      | Lost mutation: You are frail. (-10% HP) [potion of
                  | mutation]
  3757 | D:8      | Lost mutation: You expend magic power (3 MP) to strengthen
                  | your wands. [potion of mutation]
  3757 | D:8      | Lost mutation: You are partially covered in large bone
                  | plates. (SH +4) [potion of mutation]
  3757 | D:8      | Gained mutation: Your spells are a little harder to cast,
                  | but a little more powerful. [potion of mutation]
  3757 | D:8      | Gained mutation: You possess an exceptional clarity of
                  | mind. [potion of mutation]
  3757 | D:8      | Gained mutation: Your muscles are strong. (Str +4, Int/Dex
                  | -1) [potion of mutation]
  3772 | D:8      | Reached skill level 8 in Spellcasting
  3781 | D:8      | Reached XP level 9. HP: 26/46 MP: 3/23
  3831 | D:8      | Reached skill level 9 in Spellcasting
  3856 | D:8      | Found a staircase to the Lair.
  3874 | D:8      | Reached skill level 10 in Spellcasting
  3897 | Lair:1   | Entered Level 1 of the Lair of Beasts
  4020 | Lair:1   | Reached *** piety under Vehumet
  4029 | Lair:1   | Reached skill level 1 in Fighting
  4173 | Lair:2   | Found a staircase to the Snake Pit.
  4184 | Lair:2   | Reached skill level 11 in Spellcasting
  4184 | Lair:2   | Reached XP level 10. HP: 5/52 MP: 23/27
  4193 | Lair:2   | Noticed a black mamba
  4198 | Lair:2   | Killed a black mamba
  4225 | Lair:2   | HP: 1/52 [yak (16)]
  4226 | Lair:2   | Mangled by a yak

Illustrated notes

Levels and vault maps discovered:
D:1:      saegor_arrival_simple_a, layout_basic
D:2:      layout_basic, basic_altar, roderic_lattice_a, uniq_crazy_yiuf_cottage
D:3:      minmay_recursive_quarters, layout_loops_corners, uniq_ijyb
D:4:      layout_loops_ring
D:5:      layout_gridville, led_xom_imps, minmay_temple_entry_butterflies
D:6:      layout_loops_ring, grunt_temple_overflow_forces_of_nature,
          kennysheep_small_spiral, chequers_arboretum, amethyst_killhole,
          minivault_24, uniq_menkaure
D:7:      cheibrodos_quashed, layout_basic, cheibriados_altar_1, enter_ossuary_5
D:8:      layout_gridville, lemuel_round_altar, minmay_lair_entry_grove,
          serial_shops, shop_fountains, ebering_ghost_xom
Temple:   minmay_temple_curvy_branch
Lair:1:   layout_regular_city, gammafunk_ghost_arena,
          chequers_serial_rivers_micro_e, chequers_serial_rivers_marsh
Lair:2:   layout_roguey, guppyfry_snake_entry_garden, serial_bayou_lagoon_b,
          uniq_gastronok

Skill      XL: |  1  2  3  4  5  6  7  8  9 10 |
---------------+-------------------------------+-----
Fire Magic     | 4 5 6 8 9 |  9.3
Spellcasting   | 4 6 8 11 | 11.5
Conjurations   | 3 4 5 6 7 |  7.0
Evocations     | 2 3 |  3.0
Stealth        | 3 |  3.7
Necromancy     | 5 6 |  6.4
Dodging        | 3 |  3.2
Fighting       | 1 |  1.1
Short Blades   | |  0.1

Action                     |  1- 3 |  4- 6 |  7- 9 | 10-12 || total
---------------------------+-------+-------+-------+-------++-------
  Melee: Unarmed           |     5 |       |       |       ||     5
         Short sword       |     2 |     3 |    14 |       ||    19
   Cast: Foxfire           |    50 |    33 |    69 |    10 ||   162
         Scorch            |     7 |    15 |    29 |     7 ||    58
         Flame Wave        |       |     6 |     9 |     2 ||    17
    Use: Scroll            |     5 |     7 |     4 |       ||    16
         Potion            |       |     3 |     3 |       ||     6
 Armour: Robe              |     2 |     2 |     7 |       ||    11
  Dodge: Dodged            |    18 |    12 |    19 |       ||    49
  Block: Other             |       |       |     5 |       ||     5
